 Dungeon Crawl Stone Soup version 0.17.0-18-gaab0e96 (webtiles) character file.

9898 timbw the Summoner (level 11, 0/59 HPs)
             Began as a Deep Elf Summoner on Nov 11, 2015.
             Was a High Priest of Sif Muna.
             Killed from afar by a hell hound (28 damage)
             ... with a blast of flame
             ... on level 8 of the Lair of Beasts.
             The game lasted 00:38:05 (5539 turns).

timbw the Summoner (Deep Elf Summoner)              Turns: 5539, Time: 00:38:05

Health: 0/59       AC:  7    Str:  5    XL:     11   Next: 29%
Magic:  4/28       EV: 18    Int: 24    God:    Sif Muna [*****.]
Gold:   560        SH:  5    Dex: 15    Spells: 6 memorised, 15 levels left

rFire  x . .     SeeInvis .     (no weapon)
rCold  . . .     Clarity  .     a - +0 robe
rNeg   . . .     SustAt   .     C - +2 buckler
rPois  .         Gourm    .     s - +2 hat {MR+}
rElec  .         Spirit   .     L - +1 cloak
rCorr  +         Warding  .     Y - +0 pair of gloves "Qitu" {rF- MR+ Regen+ rCorr}
rMut   .         Stasis   .     (no boots)
MR     +++..                    (no amulet)
Stlth  +++.......               (no ring)
                                T - +2 ring of evasion

@: extremely resistant to hostile enchantments, fairly stealthy
A: no striking features
a: Channel Energy, Forget Spell, Renounce Religion


You were on level 8 of the Lair of Beasts.
You worshipped Sif Muna.
Sif Muna was extremely pleased with you.
You were near starving.

You visited 2 branches of the dungeon, and saw 21 of its levels.

You collected 560 gold pieces.

Inventory:

Missiles
 d - 2 curare-tipped needles
 q - 24 poisoned needles
Armour
 a - a +0 robe (worn)
 s - a +2 hat of magic resistance (worn)
 y - a +0 pair of gloves
 C - a +2 buckler (worn)
 L - a +1 cloak (worn)
 Y - the +0 pair of gloves "Qitu" (worn) {rF- MR+ Regen+ rCorr}
   (You found it on level 7 of the Lair of Beasts)

   It makes you vulnerable to fire.
   It affects your resistance to hostile enchantments.
   It increases your rate of regeneration.
   It protects you from acid and corrosion.
Jewellery
 R - an uncursed ring of ice
 T - a +2 ring of evasion (left hand)
Wands
 j - a wand of magic darts (28)
 l - a wand of flame (24)
 w - a wand of teleportation (3)
 A - a wand of frost (21)
 I - a wand of cold (9)
 Q - a wand of confusion (33)
Scrolls
 e - 3 scrolls of remove curse
 f - 2 scrolls of noise
 v - a scroll of blinking
 P - 2 scrolls of torment
Potions
 g - 3 potions of mutation
 h - 2 potions of agility
 i - 4 potions of magic
 k - 3 potions of brilliance
 o - 2 potions of resistance
 p - 3 potions of curing
 r - 2 potions of might
 u - a potion of lignification {unknown}
 x - 2 potions of ambrosia {unknown}
 D - 2 potions of haste
 G - a potion of invisibility {unknown}
 K - 2 potions of cancellation {unknown}
 O - a potion of berserk rage {unknown}
Books
 b - a book of Callings

   Spells                             Type                      Level
   a - Summon Small Mammal            Summoning                    1
   b - Call Imp                       Summoning                    2
   c - Call Canine Familiar           Summoning                    3
   d - Summon Guardian Golem          Hexes/Summoning              3
   e - Summon Lightning Spire         Summoning/Air                4
   f - Summon Ice Beast               Ice/Summoning                4
 z - a book of Conjurations

   Spells                             Type                      Level
   a - Magic Dart                     Conjuration                  1
   b - Searing Ray                    Conjuration                  2
   c - Dazzling Spray                 Conjuration/Hexes            3
   d - Fulminant Prism                Conjuration/Hexes            4
   e - Iskenderun's Mystic Blast      Conjuration                  4
   f - Iskenderun's Battlesphere      Conjuration/Charms           5
 N - a book of Death

   Spells                             Type                      Level
   a - Corpse Rot                     Necromancy                   2
   b - Sublimation of Blood           Necromancy                   2
   c - Agony                          Necromancy                   5
   d - Dispel Undead                  Necromancy                   5
   e - Excruciating Wounds            Charms/Necromancy            5
   f - Bolt of Draining               Conjuration/Necromancy       5
 X - a book of Envenomations

   Spells                             Type                      Level
   a - Spider Form                    Transmutation/Poison         3
   b - Alistair's Intoxication        Transmutation/Poison         4
   c - Olgreb's Toxic Radiance        Poison                       4
   d - Poisonous Cloud                Conjuration/Poison/Air       6
Comestibles
 c - 5 bread rations
 m - 13 fruits
 n - 6 meat rations
 t - 3 royal jellies
 F - 2 slices of pizza
 U - 11 chunks of flesh


   Skills:
 - Level 2.8 Fighting
 + Level 8.2 Dodging
 - Level 5.0 Stealth
 + Level 11.1 Spellcasting
 * Level 13.2 Summonings
 + Level 7.0 Invocations


You had 15 spell levels left.
You knew the following spells:

 Your Spells              Type           Power        Failure   Level  Hunger
a - Summon Small Mammal   Summ           ####         1%          1    None
b - Call Imp              Summ           ######..     1%          2    None
c - Call Canine Familiar  Summ           ######..     1%          3    None
d - Summon Ice Beast      Ice/Summ       #####...     8%          4    None
e - Summon Lightning Spi  Summ/Air       #####...     8%          4    None
f - Summon Guardian Gole  Hex/Summ       #####...     1%          3    None


Dungeon Overview and Level Annotations

Branches:
Dungeon (13/15)              Lair (8/8) D:11          Snake (0/4) Lair:4
 Temple: D:4-7        Swamp: Lair:3-6    Shoals: Lair:3-6     Slime: Lair:6-8
    Orc: D:9-12      Vaults: D:13-14

Altars:
Cheibriados
Makhleb
Qazlal
Sif Muna
Trog

Shops:
D:10 =

Annotations:
D:9 Joseph
D:10 Erolcha
Lair:3 exclusion: oklob plant
Lair:8 1 exclusion


Message History

The hell hound breathes flames at you. The blast of flame hits your warg.
Your warg dies!
Your warg's corpse disappears in a puff of smoke!
Casting: Summon Lightning Spire
Confirm with . or Enter, or press ? or * to list all spells.
A chill wind blows around you.
Your lightning spire shoots out a bolt of lightning at the hound!
The bolt of electricity hits the hound.
The hound dies!
Casting: Summon Ice Beast
Confirm with . or Enter, or press ? or * to list all spells.
A chill wind blows around you.
Your ice beast closely misses the hell hound.
You channel some magical energy.
You feel somewhat more hungry. The hell hound breathes flames at you.
The blast of flame hits your lightning spire.
Your lightning spire resists.
The blast of flame hits you! The fire burns you terribly!
You die...

P...###..# .....#PP.# ##
)PPPP....# .## .PP..P...##
..# P.PP.#....# ..# ##
PPPP#.....# #######?.##†h.
PPPP......# ####5#...#....#
PP........####...#Y.h†....#
PPP........#....@8†h..†.#.#
PP.........÷#...Y.#.#.#.#
P........†...#...########
##....#...P..P####
###.#........#
##.........P# ##......P...#
#............ #............


You could see a hell hound, a black bear, 2 friendly ice beasts, a friendly
lightning spire and a friendly white imp.

Vanquished Creatures
  A quokka (D:2)
  A rat (D:11)
2 creatures vanquished.

Vanquished Creatures (collateral kills)
  Gastronok (D:10)
  A hydra (Lair:5)
  A catoblepas (Lair:8)
  Urug (Lair:4)
  Pikel (D:9)
  A griffon (D:11)
  An ugly thing (D:12)
  A centaur zombie (D:10)
  6 spiny frogs
  6 komodo dragons
  A fire drake (Lair:3)
  A polar bear (Lair:8)
  9 blink frogs
  A yak (D:11)
  2 hippogriffs
  A deep elf fighter (D:11)
  10 wolves
  A warg (Lair:8)
  A hungry ghost (D:12)
  4 basilisks
  A soldier ant (D:11)
  6 nagas (Lair:4)
  A wasp (D:10)
  3 water moccasins
  8 black bears
  4 porcupines
  3 ice beasts
  2 centaurs
  2 orc warriors
  3 slaves (D:9)
  2 ogres
  5 crocodiles
  11 giant frogs
  The ghost of 4thArraOfDagon the Ruffian, a weakling MiMo (D:6)
  2 scorpions
  2 killer bees (D:9)
  5 wights (D:11)
  3 crimson imps (D:11)
  2 jellies
  8 hounds
  A giant frog zombie (D:9)
  Ijyb (D:2)
  7 iguanas
  2 orc wizards
  4 worker ants
  32 sheep
  2 hound skeletons (D:7)
  6 adders
  46 river rats
  2 shadow imps
  An ooze (D:2)
  An adder skeleton (D:9)
  A giant gecko (D:9)
  27 orcs
  2 giant cockroaches
  2 hobgoblins (D:1)
  5 jackals (Lair:8)
  3 quokkas
  12 bats
  5 giant newts
  5 goblins
  A quokka skeleton (D:9)
  13 rats
  A butterfly (Lair:7)
  A fungus (D:11)
  3 plants (Lair:8)
311 creatures vanquished.

Vanquished Creatures (others)
  A slave (D:9)
  3 fungi
  4 plants
8 creatures vanquished.

Grand Total: 321 creatures vanquished

Notes
Turn   | Place    | Note
--------------------------------------------------------------
     0 | D:1      | timbw the Deep Elf Summoner began the quest for the Orb.
     0 | D:1      | Reached XP level 1. HP: 10/10 MP: 6/6
   168 | D:2      | Reached XP level 2. HP: 15/15 MP: 1/8
   178 | D:2      | Learned a level 2 spell: Call Imp
   246 | D:2      | Noticed Ijyb
   306 | D:2      | Killed Ijyb
   306 | D:2      | Reached skill level 5 in Summonings
   306 | D:2      | Reached XP level 3. HP: 19/19 MP: 6/10
   323 | D:3      | Learned a level 3 spell: Call Canine Familiar
   506 | D:3      | Found a stormy altar of Qazlal.
   507 | D:3      | Found a deep blue altar of Sif Muna.
   512 | D:3      | Became a worshipper of Sif Muna the Loreminder
   740 | D:4      | Noticed an ogre
   750 | D:4      | Reached XP level 4. HP: 24/24 MP: 8/12
   766 | D:4      | Killed an ogre
   766 | D:4      | Reached skill level 6 in Summonings
   778 | D:4      | Learned a level 4 spell: Summon Ice Beast
   790 | D:5      | Entered Level 5 of the Dungeon
   790 | D:5      | Found a burning altar of Makhleb.
   790 | D:5      | Noticed an ice beast
   812 | D:5      | Killed an ice beast
   812 | D:5      | Reached skill level 5 in Spellcasting
   812 | D:5      | Reached XP level 5. HP: 21/28 MP: 1/14
  1086 | D:6      | Found a bloodstained altar of Trog.
  1086 | D:6      | Noticed a black bear
  1087 | D:6      | Noticed a black bear
  1101 | D:6      | Killed a black bear
  1102 | D:6      | Noticed 4thArraOfDagon's ghost (weakling MiMo)
  1122 | D:6      | Killed 4thArraOfDagon's ghost
  1122 | D:6      | Reached * piety under Sif Muna
  1138 | D:6      | Learned a level 4 spell: Summon Lightning Spire
  1158 | D:6      | Killed a black bear
  1158 | D:6      | Reached skill level 7 in Summonings
  1158 | D:6      | Reached XP level 6. HP: 30/32 MP: 12/16
  1395 | D:8      | Found a snail-covered altar of Cheibriados.
  1579 | D:8      | Learned a level 3 spell: Summon Guardian Golem
  1580 | D:9      | Noticed Joseph
  1691 | D:9      | Noticed Pikel
  1728 | D:9      | Killed Pikel
  1728 | D:9      | Reached skill level 8 in Summonings
  1728 | D:9      | Reached XP level 7. HP: 23/36 MP: 10/19
  1921 | D:9      | Reached ** piety under Sif Muna
  2069 | D:10     | Entered Level 10 of the Dungeon
  2094 | D:10     | Reached skill level 9 in Summonings
  2096 | D:10     | Noticed a centaur zombie
  2106 | D:10     | Killed a centaur zombie
  2106 | D:10     | Reached skill level 1 in Fighting
  2106 | D:10     | Reached skill level 1 in Invocations
  2106 | D:10     | Reached XP level 8. HP: 24/43 MP: 8/21
  2152 | D:10     | Found Riucs's Jewellery Emporium.
  2219 | D:10     | Noticed Gastronok
  2233 | D:10     | Killed Gastronok
  2233 | D:10     | Reached *** piety under Sif Muna
  2233 | D:10     | Reached skill level 10 in Summonings
  2233 | D:10     | Reached XP level 9. HP: 41/49 MP: 6/23
  2316 | D:10     | Noticed Erolcha
  2666 | D:11     | Found a staircase to the Lair.
  2704 | D:11     | Noticed a griffon
  2731 | D:11     | Killed a griffon
  2731 | D:11     | Reached skill level 5 in Dodging
  2814 | D:12     | Noticed a cyan ugly thing
  2832 | D:12     | Killed a cyan ugly thing
  2832 | D:12     | Reached skill level 11 in Summonings
  3074 | D:13     | Noticed a centaur warrior
  3079 | D:13     | HP: 2/49 [centaur/arrow[a centaur warrior] (8)]
  3117 | Lair:1   | Entered Level 1 of the Lair of Beasts
  3160 | Lair:2   | Noticed a spiny frog
  3167 | Lair:2   | Killed a spiny frog
  3218 | Lair:2   | Reached **** piety under Sif Muna
  3404 | Lair:3   | Noticed a spiny frog
  3412 | Lair:3   | Killed a spiny frog
  3466 | Lair:3   | Noticed a spiny frog
  3472 | Lair:3   | Killed a spiny frog
  3533 | Lair:3   | Reached skill level 5 in Invocations
  3549 | Lair:3   | Reached XP level 10. HP: 55/55 MP: 17/25
  3608 | Lair:3   | Noticed a spiny frog
  3609 | Lair:3   | Noticed a fire drake
  3615 | Lair:3   | Killed a spiny frog
  3618 | Lair:3   | Killed a fire drake
  3670 | Lair:3   | Noticed an oklob plant
  3757 | Lair:4   | Got a distressingly furry chain mail
  3770 | Lair:4   | Identified the +1 chain mail "Jogh" {Int+2} (You found it on level 4 of the Lair of Beasts)
  4048 | Lair:4   | Reached skill level 10 in Spellcasting
  4067 | Lair:4   | Found a staircase to the Snake Pit.
  4115 | Lair:4   | Noticed Urug
  4135 | Lair:4   | Killed Urug
  4135 | Lair:4   | Reached skill level 12 in Summonings
  4269 | Lair:5   | Reached ***** piety under Sif Muna
  4365 | Lair:5   | Noticed a five-headed hydra
  4372 | Lair:5   | Killed a five-headed hydra
  4379 | Lair:5   | Reached skill level 5 in Stealth
  5039 | Lair:7   | Reached XP level 11. HP: 59/59 MP: 22/27
  5169 | Lair:7   | Got a pair of shimmering gloves
  5180 | Lair:7   | Identified the cursed +0 pair of gloves "Qitu" {rF- MR+ Regen+ rCorr} (You found it on level 7 of the Lair of Beasts)
  5213 | Lair:7   | Reached skill level 13 in Summonings
  5266 | Lair:7   | Noticed an elephant
  5266 | Lair:7   | Noticed an elephant
  5267 | Lair:7   | Noticed an elephant
  5275 | Lair:7   | Noticed a black mamba
  5277 | Lair:8   | Entered Level 8 of the Lair of Beasts
  5319 | Lair:8   | Noticed a catoblepas
  5341 | Lair:8   | Killed a catoblepas
  5539 | Lair:8   | Killed from afar by a hell hound

Action                   |  1- 3 |  4- 6 |  7- 9 | 10-12 || total
-------------------------+-------+-------+-------+-------++-------
Melee: Unarmed           |    10 |       |     3 |     3 ||    16
 Cast: Summon Small Mamm |    14 |     5 |     1 |     2 ||    22
       Call Imp          |    13 |    19 |       |    13 ||    45
       Call Canine Famil |     6 |    16 |    26 |    19 ||    67
       Summon Ice Beast  |       |     5 |    73 |   100 ||   178
       Summon Lightning  |       |       |     7 |    20 ||    27
Invok: Channel Energy    |       |    16 |    84 |   104 ||   204
Evoke: Wand              |       |       |     1 |       ||     1
  Use: Scroll            |       |       |    12 |    15 ||    27
       Potion            |       |       |     1 |       ||     1
  Eat: Chunk             |       |     7 |    18 |    20 ||    45
       Beef jerky        |       |       |     1 |       ||     1
       Fruit             |       |       |     3 |       ||     3
       Pizza             |       |       |     1 |       ||     1
